[Event "WA State Championship"]
[Site "Legacy House, South Perth"]
[Date "2006.08.20"]
[Round "8"]
[White "Williams, Veronica"]
[Black "Vahala, K"]
[Result "0-1"]
[WhiteElo "124"]
[BlackElo "891"]
[ECO "C68"]
[EventDate "2006.07.02"]
[TimeControl "5400+60"]

1.e4 e5 2.Nf3 Nc6 3.Bb5 a6 4.Bxc6 bxc6 5.Nxe5 Nf6 6.d3 h6 7.Ng4 Bc5 8.d4 
Bb6 9.e5 Ne4 10.Qf3 Ng5 11.Bxg5 Qxg5 12.h4 Qc1+ 13.Qd1 Qxb2 14.Nd2 Qxd4 
15.Nf3 Qxd1+ 16.Rxd1 d6 17.exd6 cxd6 18.Ne3 d5 19.Ne5 Ba5+ 20.Ke2 Bb7 21.
Nf5 Bc7 22.Nd3 O-O 23.Ne7+ Kh8 24.Nc5 Bd6 25.Nxb7 Bxe7 26.Na5 Rac8 27.g3 
f5 28.f4 Bc5 29.Nb3 Rfe8+ 30.Kf3 Re3+ 31.Kg2 Bb4 32.Kh3 Bd6 33.Nd4 g6 34.
Rhe1 Bxf4 35.Rxe3 Bxe3 36.g4 Bxd4 37.Rxd4 fxg4+ 38.Rxg4 Kh7 39.a4 Re8 40.
Rg3 d4 41.Rg4 c5 42.a5 Re3+ 43.Rg3 Rxg3+ 44.Kxg3 Kg7 45.Kf4 Kf6 46.Ke4 Ke6
47.Kf4 c4 48.Ke4 Kd6 49.Kxd4 g5 50.hxg5 hxg5 51.Ke4 Kc5 52.Kf5 Kb4 0-1

[Event "WA State Championship"]
[Site "Legacy House, South Perth"]
[Date "2006.08.27"]
[Round "9"]
[White "Barber, H"]
[Black "Kueh, M"]
[Result "1/2-1/2"]
[WhiteElo "2142"]
[BlackElo "1868"]
[ECO "B00"]
[EventDate "2006.07.02"]
[TimeControl "5400+60"]

1.e4 Nc6 2.Nf3 d6 3.d4 Nf6 4.Nc3 Bg4 5.Bb5 a6 6.Bxc6+ bxc6 7.h3 Bh5 8.Qe2 
e6 9.g4 Bg6 10.Nh4 d5 11.Nxg6 hxg6 12.Bg5 1/2-1/2

[Event "WA State Championship"]
[Site "Legacy House, South Perth"]
[Date "2006.08.27"]
[Round "9"]
[White "Haselgrove, M"]
[Black "Boyd, T"]
[Result "1/2-1/2"]
[WhiteElo "1751"]
[BlackElo "2247"]
[ECO "B50"]
[EventDate "2006.07.02"]
[TimeControl "5400+60"]

1.e4 c5 2.Nf3 d6 3.c3 Nf6 4.Be2 Nbd7 5.d3 b6 6.O-O Bb7 7.Bf4 g6 8.h3 Bg7 
9.Nbd2 O-O 10.a4 e5 11.Bh2 Qe7 12.Nc4 Nh5 13.Nfd2 Nf4 14.Bxf4 exf4 15.Bf3 
Rad8 16.Re1 Rfe8 17.Qb3 Ne5 18.Nxe5 dxe5 19.Be2 Ba6 20.c4 Bc8 21.Nb1 Qg5 
22.Kf1 h5 23.Qd1 Qh4 24.Nc3 a5 25.Ra3 Rd6 26.Nd5 Bd7 27.Bf3 Qd8 28.Qe2 Bf6
29.Rc1 Kg7 30.Ke1 Rh8 31.Kd2 Rh7 32.b3 Qh8 33.Rh1 Bh4 34.Raa1 Kf8 1/2-1/2

[Event "WA State Championship"]
[Site "Legacy House, South Perth"]
[Date "2006.08.27"]
[Round "9"]
[White "Saxon, M"]
[Black "Hare, T"]
[Result "1-0"]
[WhiteElo "1702"]
[BlackElo "2067"]
[ECO "B40"]
[EventDate "2006.07.02"]
[TimeControl "5400+60"]

1.e4 c5 2.Nf3 e6 3.d4 cxd4 4.Nxd4 Bc5 5.Be3 Qb6 6.Nc3 Nc6 7.Na4 Qa5+ 8.c3 
Bxd4 9.Bxd4 Nxd4 10.b4 Nc2+ 11.Qxc2 Qe5 12.Bd3 Nf6 13.g3 g5 14.O-O Rg8 15.
Nb2 h5 16.Nc4 Qc7 17.e5 Ng4 18.Nd6+ Ke7 19.c4 Nxe5 20.c5 a6 21.f4 gxf4 22.
Rxf4 b6 23.Raf1 bxc5 24.bxc5 f5 25.Bxf5 exf5 26.Rxf5 Bb7 27.Rxe5+ Kd8 28.
Qh7 Qc6 29.Nxb7+ Kc7 30.Nd6 Rab8 31.Qe4 h4 32.Qxc6+ Kxc6 33.Kg2 Rb2+ 34.
Rf2 h3+ 35.Kf3 Rgb8 36.Rxb2 Rxb2 37.Re2 Rb4 38.Ne4 1-0

[Event "WA State Championship"]
[Site "Legacy House, South Perth"]
[Date "2006.08.27"]
[Round "9"]
[White "Holland, D"]
[Black "Dunlop, G"]
[Result "0-1"]
[WhiteElo "1739"]
[BlackElo "1802"]
[ECO "A40"]
[EventDate "2006.07.02"]
[TimeControl "5400+60"]

1.d4 b6 2.c4 Bb7 3.Nc3 e6 4.a3 Nf6 5.Bg5 Be7 6.Nf3 O-O 7.Qc2 h6 8.h4 d5 9.
Bxf6 Bxf6 10.cxd5 exd5 11.g4 c5 12.g5 Bxd4 13.gxh6 Bxc3+ 14.bxc3 gxh6 15.
Rg1+ Kh8 16.Qf5 Nd7 17.Bh3 Qf6 18.Qc2 Ne5 19.Nxe5 Qxe5 20.O-O-O Rg8 21.Qd2
Qf6 22.h5 Rxg1 23.Rxg1 Rg8 24.Rg6 Rxg6 25.hxg6 Qxg6 26.Qe3 Kg7 27.Kb2 d4 
28.cxd4 cxd4 29.Qe5+ Qf6 30.Qg3+ Qg5 31.Qd3 Qe5 32.Bf5 Bc6 33.f3 Qb5+ 34.
Qxb5 Bxb5 0-1

[Event "WA State Championship"]
[Site "Legacy House, South Perth"]
[Date "2006.08.27"]
[Round "9"]
[White "Shaw, R"]
[Black "Choong, Y"]
[Result "1/2-1/2"]
[WhiteElo "1711"]
[BlackElo "1729"]
[ECO "B21"]
[EventDate "2006.07.02"]
[TimeControl "5400+60"]

1.e4 c5 2.d4 cxd4 3.c3 dxc3 4.Nxc3 Nc6 5.Nf3 d6 6.Bc4 e6 7.Qe2 Be7 8.O-O 
a6 9.Rd1 Qc7 10.Bf4 Nf6 11.e5 dxe5 12.Nxe5 Nxe5 13.Bxe5 Qc6 14.Nb5 O-O 15.
Nd6 b5 16.Bd3 Nd5 17.Rac1 Qb6 18.Qh5 f5 19.Ne8 Nf6 20.Nxf6+ Bxf6 21.Bc7 
Qa7 22.Be2 Rf7 23.Bd6 g6 24.Qh6 Bg7 25.Qg5 Bf6 26.Qh6 Bb7 27.Bc5 Qb8 28.b4
Bd5 29.Qe3 Qb7 30.Rd2 Rc8 31.a3 Rfc7 32.Rcd1 Qc6 33.f3 Rd7 34.Kf2 e5 35.f4
h6 36.g3 exf4 37.gxf4 g5 38.Rxd5 Rxd5 39.Bf3 Rcd8 40.Qb3 Kg7 41.Rxd5 Qe6 
42.Qd1 Re8 43.Rd7+ Kh8 44.Bd4 gxf4 45.Bxf6+ Qxf6 46.Qd4 Re6 47.Qxf6+ Rxf6 
48.Rd4 Kg7 49.Rxf4 Kg6 50.Rd4 f4 51.Be4+ Kf7 52.Kf3 Ke6 53.Rd5 Rf8 54.Rc5 
Ke7 55.Rc7+ Kd6 56.Rc6+ Ke5 57.Rc5+ Kd4 58.Rc6 Re8 {moves unreadable} 
1/2-1/2

[Event "WA State Championship"]
[Site "Legacy House, South Perth"]
[Date "2006.08.27"]
[Round "9"]
[White "Garcia, M"]
[Black "Leonhardt, W"]
[Result "0-1"]
[WhiteElo "1480"]
[BlackElo "1934"]
[ECO "B13"]
[EventDate "2006.07.02"]
[TimeControl "5400+60"]

1.e4 c6 2.Nf3 d5 3.exd5 cxd5 4.d4 Nc6 5.c4 Nf6 6.Qb3 e6 7.Bd3 dxc4 8.Qxc4 
Be7 9.Be3 O-O 10.Nc3 a6 11.O-O Nb4 12.Bb1 b5 13.Qe2 Nbd5 14.Bd3 Bb7 15.
Rac1 Rc8 16.Rfd1 Re8 17.Ne5 Nxc3 18.Rxc3 Qd5 19.f3 Qxa2 20.Bb1 Qd5 21.Bg5 
Rxc3 22.bxc3 Qd6 23.Qd3 g6 24.Bf4 Qd8 25.g4 Nd5 26.Bd2 Bg5 27.c4 Bxd2 28.
Qxd2 bxc4 29.Qh6 Qf6 30.h4 Nc3 31.Rc1 Ne2+ 0-1

[Event "WA State Championship"]
[Site "Legacy House, South Perth"]
[Date "2006.08.27"]
[Round "9"]
[White "Fedec, J"]
[Black "Deheer, A"]
[Result "1-0"]
[WhiteElo "1825"]
[BlackElo "1530"]
[ECO "C45"]
[EventDate "2006.07.02"]
[TimeControl "5400+60"]

1.e4 e5 2.Nf3 Nc6 3.d4 exd4 4.Nxd4 Bc5 5.Be3 Qf6 6.c3 Nge7 7.Bc4 Ne5 8.Be2
Qg6 9.O-O d6 10.f3 O-O 11.b4 Bb6 12.a4 a5 13.Nd2 Bh3 14.Rf2 Bd7 15.Kh1 Ra7
16.g4 Rfa8 17.b5 h6 18.h3 Qf6 19.f4 N5g6 20.g5 hxg5 21.e5 dxe5 22.Ne4 exd4
23.Nxf6+ gxf6 24.Bxd4 Bxd4 25.Qxd4 Bxh3 26.fxg5 Nf5 27.Qxf6 Re8 28.Bc4 Ne5
29.Rxf5 Bxf5 30.Bxf7+ Nxf7 31.Qxf5 Raa8 32.Rf1 Re7 33.Qg6+ Kf8 34.Qh6+ Ke8
35.Qh5 Rd8 36.g6 Nd6 37.Rf8+ Kxf8 38.Qh8# 1-0

[Event "WA State Championship"]
[Site "Legacy House, South Perth"]
[Date "2006.08.27"]
[Round "9"]
[White "Johnstone, R"]
[Black "Jahangirian, M"]
[Result "1-0"]
[WhiteElo "1666"]
[BlackElo "1679"]
[ECO "B10"]
[EventDate "2006.07.02"]
[TimeControl "5400+60"]

1.e4 c6 2.Nc3 d5 3.exd5 cxd5 4.d4 a6 5.Nf3 Nf6 6.Be2 e6 7.O-O Bd6 8.Bg5 
Nbd7 9.Re1 O-O 10.Bd3 h6 11.Bh4 Qc7 12.Qe2 b5 13.a3 Bb7 14.Rad1 Rfe8 15.
Qd2 Bf4 16.Qe2 Rac8 17.Ne5 g5 18.Qf3 Nxe5 19.dxe5 Bxe5 20.Rxe5 Ne4 21.Bg3 
Nxg3 22.Qxg3 f6 23.Ree1 e5 24.Bf5 Rcd8 25.Qh3 Kg7 26.Qh5 Qf7 27.Qxf7+ Kxf7
28.f3 Rd6 29.Rd2 Red8 30.Red1 Bc6 31.Ne4 Ke7 32.Nxd6 Kxd6 33.Be4 Ke6 34.b3
f5 35.Bd3 d4 36.Bf1 Bd5 37.Re1 Kd6 38.Bd3 f4 39.Be4 Rc8 40.Bxd5 Kxd5 41.
Re4 Rc3 42.Rde2 Re3 43.R2xe3 fxe3 44.Kf1 h5 45.Ke2 a5 46.Kd3 b4 47.a4 Ke6 
48.h4 g4 49.fxg4 hxg4 50.Rxg4 Kf5 51.Re4 1-0

[Event "WA State Championship"]
[Site "Legacy House, South Perth"]
[Date "2006.08.27"]
[Round "9"]
[White "Tomic, N"]
[Black "Whitehead, P"]
[Result "0-1"]
[WhiteElo "1665"]
[BlackElo "1582"]
[ECO "B40"]
[EventDate "2006.07.02"]
[TimeControl "5400+60"]

1.e4 c5 2.Nf3 Nc6 3.b3 e6 4.Bb2 d5 5.exd5 exd5 6.Be2 Nf6 7.O-O Be7 8.d4 
cxd4 9.Nxd4 O-O 10.a4 Re8 11.Bb5 Bd7 12.Nd2 Bc5 13.N2f3 Qb6 14.Bd3 Ne4 15.
c3 Bg4 16.Qc2 Rac8 17.a5 Nxa5 18.Bb5 Nc6 19.Qd3 Bxf3 20.Bxc6 Bxg2 21.Kxg2 
Bxd4 22.Qxd4 Rxc6 23.f3 Qxd4 24.cxd4 Rc2+ 25.Kg1 Nd2 26.Rf2 Rxb2 27.Kg2 
Re6 28.Rd1 Rg6+ 29.Kh1 Nc4 30.Rxb2 Nxb2 31.Rd2 Nc4 32.bxc4 dxc4 33.Rb2 b6 
34.Rb4 Rc6 35.Kg2 Kf8 36.Kf2 a6 37.d5 Rd6 38.Rxc4 Rxd5 39.Rc7 g5 40.Ke3 h5
41.Ke4 Rb5 42.h4 gxh4 43.f4 Kg7 44.Rc1 a5 45.Rh1 h3 46.Rxh3 f5+ 47.Kd4 Kh6
48.Rh4 a4 49.Rh1 Ra5 50.Rb1 Ra6 51.Kc4 h4 52.Kb5 Ra8 53.Rh1 Kh5 54.Kxb6 a3
55.Kb5 a2 56.Ra1 Kg4 57.Kb4 Kxf4 58.Kc3 Kg3 59.Kd3 Kg2 0-1

[Event "WA State Championship"]
[Site "Legacy House, South Perth"]
[Date "2006.08.27"]
[Round "9"]
[White "Dix, P"]
[Black "Markou, V"]
[Result "0-1"]
[WhiteElo "1803"]
[BlackElo "1426"]
[ECO "D35"]
[EventDate "2006.07.02"]
[TimeControl "5400+60"]

1.d4 d5 2.c4 e6 3.Nc3 Nf6 4.cxd5 exd5 5.Bg5 Be7 6.e3 O-O 7.Bd3 h6 8.Bh4 c6
9.Nge2 Nh5 10.Bxe7 Qxe7 11.O-O Bg4 12.h3 Be6 13.Rb1 Nd7 14.b4 a6 15.Na4 b6
16.Qc2 {moves unreadable.} 0-1

[Event "WA State Championship"]
[Site "Legacy House, South Perth"]
[Date "2006.08.27"]
[Round "9"]
[White "Humphries, R"]
[Black "Klimczak, J"]
[Result "1-0"]
[WhiteElo "1429"]
[BlackElo "1379"]
[ECO "B46"]
[EventDate "2006.07.02"]
[TimeControl "5400+60"]

1.e4 c5 2.Nf3 e6 3.d4 cxd4 4.Nxd4 a6 5.Nc3 Nc6 6.Nb3 Nf6 7.a3 Be7 8.Be2 
Qc7 9.Be3 b6 10.O-O O-O 11.f3 Bb7 12.Na4 b5 13.Nac5 d5 14.Nxb7 Qxb7 15.
exd5 Nxd5 16.Bc1 Rad8 17.Bd3 Ne5 18.Be4 Qb6+ 19.Qd4 Qxd4+ 20.Nxd4 Nf6 21.
Nc6 Bc5+ 22.Kh1 Nxc6 23.Bxc6 Nd5 24.a4 b4 25.a5 f6 26.Re1 Nc7 27.Bf4 e5 
28.Bg3 Rd6 29.Be4 Rfd8 30.Bd3 Bd4 31.Reb1 g6 32.Be1 Bc5 33.Ra4 Nd5 34.h3 
Kg7 35.Be2 Nf4 36.Bd3 Nxd3 37.cxd3 Rxd3 38.Rc1 Be7 39.Kh2 Rd1 40.Rc7 Rxe1 
41.Rxe7+ Kh6 42.Rxb4 Red1 43.Ra7 R8d6 44.Rbb7 R1d2 45.h4 g5 46.Rxh7+ Kg6 
47.h5+ Kf5 48.Rhb7 Rc2 49.Rd7 Rxd7 50.Rxd7 Rxb2 51.Ra7 g4 52.fxg4+ Kxg4 
53.h6 Rb8 54.Rxa6 Kg5 55.h7 e4 56.Ra7 Rh8 57.Kg3 Kf5 58.Rb7 e3 59.Kf3 Re8 
60.Ke2 Kf4 61.Rg7 Rh8 62.a6 Rb8 63.g3+ Ke4 64.Rg4+ Kf5 65.Rg8 Rb2+ 66.Kxe3
Rb3+ 67.Kd2 Ke4 68.h8=Q Rd3+ 69.Kc2 1-0

[Event "WA State Championship"]
[Site "Legacy House, South Perth"]
[Date "2006.08.27"]
[Round "9"]
[White "Pavlovic, M"]
[Black "Sam, R"]
[Result "1/2-1/2"]
[WhiteElo "1697"]
[BlackElo "1091"]
[ECO "D35"]
[EventDate "2006.07.02"]
[TimeControl "5400+60"]

1.d4 d5 2.c4 e6 3.Bf4 Nf6 4.Nc3 Bb4 5.a3 Bxc3+ 6.bxc3 Nc6 7.e3 Bd7 8.Nf3 
Nh5 9.cxd5 exd5 10.Bg5 Nf6 11.Ne5 Qe7 12.Nxc6 Bxc6 13.Qf3 O-O-O 14.Bd3 h6 
15.Bxf6 Qxf6 16.Qxf6 gxf6 17.Bf5+ Bd7 18.Bxd7+ Rxd7 19.Ke2 Rd6 20.Rhc1 Kd7
21.c4 Re8 22.Rab1 b6 23.c5 Rc6 24.cxb6 Rxb6 25.Rb4 Rxb4 26.axb4 Rb8 27.Ra1
Rb7 28.Ra6 c6 29.g4 Rc7 30.f4 Kc8 31.h4 Kb7 32.Ra5 Kb6 33.Kf3 Rc8 34.e4 
dxe4+ 35.Kxe4 Rd8 36.g5 hxg5 37.fxg5 Rh8 38.gxf6 Rxh4+ 39.Ke5 Rh3 40.d5 
cxd5 41.Rxd5 Re3+ 42.Kf4 Rb3 43.Rd7 Rxb4+ 44.Ke5 a5 45.Rxf7 Rb2 46.Rd7 
Re2+ 47.Kd6 Kb5 48.f7 Rf2 49.Ke7 a4 50.f8=Q Rxf8 51.Kxf8 Kb4 52.Rb7+ Kc3 
53.Ke7 a3 54.Ra7 Kb2 55.Rxa3 Kxa3 1/2-1/2

[Event "WA State Championship"]
[Site "Legacy House, South Perth"]
[Date "2006.08.27"]
[Round "9"]
[White "Gilmetdinov, E"]
[Black "Slack-Smith, B"]
[Result "1-0"]
[WhiteElo "1300"]
[BlackElo "1309"]
[ECO "B30"]
[EventDate "2006.07.02"]
[TimeControl "5400+60"]

1.e4 c5 2.Nc3 Nc6 3.Nf3 g6 4.d3 Bg7 5.g3 d6 6.Bg2 Nf6 7.O-O O-O 8.Re1 Nd7 
9.Be3 Nde5 10.Nxe5 Nxe5 11.Qd2 Bg4 12.Bh6 Qd7 13.Bxg7 Kxg7 14.Qe3 f5 15.f4
Nc6 16.exf5 Nd4 17.Qxe7+ Rf7 18.f6+ Kg8 19.Qxd7 Rxd7 1-0

[Event "WA State Championship"]
[Site "Legacy House, South Perth"]
[Date "2006.08.27"]
[Round "9"]
[White "O'Shaughnessy, D"]
[Black "Williams, R"]
[Result "1-0"]
[WhiteElo "1371"]
[BlackElo "887"]
[ECO "C00"]
[EventDate "2006.07.02"]
[TimeControl "5400+60"]

1.e4 e6 2.b3 Nc6 3.Bb2 Be7 4.Bxg7 Bf6 5.Bxh8 Bxh8 6.Nc3 Nf6 7.Nf3 d5 8.Rb1
dxe4 9.Ng5 e5 10.Bc4 Qe7 11.Bxf7+ Kd8 12.Bc4 Bg4 13.Be2 Bxe2 14.Qxe2 Nd4 
15.Qd1 h5 16.Ngxe4 Kd7 17.Nxf6+ Qxf6 18.O-O Rg8 19.Qxh5 Nf3+ 20.Kh1 Nd4 
21.Qh7+ Rg7 22.Qxh8 Rxg2 23.Qxf6 1-0

[Event "WA State Championship"]
[Site "Legacy House, South Perth"]
[Date "2006.08.27"]
[Round "9"]
[White "Williams, Verity"]
[Black "Vahala, K"]
[Result "0-1"]
[WhiteElo "634"]
[BlackElo "891"]
[ECO "E67"]
[EventDate "2006.07.02"]
[TimeControl "5400+60"]

1.d4 Nf6 2.Nf3 g6 3.g3 Bg7 4.Bg2 d6 5.c4 O-O 6.O-O Nbd7 7.Nc3 e5 8.dxe5 
dxe5 9.Bg5 h6 10.Bxf6 Bxf6 11.Rb1 Bg7 12.b4 f5 13.e4 Nf6 14.Nd2 Rb8 15.a4 
f4 16.Nf3 Qe7 17.c5 Bd7 18.Qb3+ Kh7 19.Rbd1 g5 20.h3 a6 21.Rd2 g4 22.hxg4 
Bxg4 23.Kh2 Rg8 24.Nd5 Qe8 25.Nxc7 Qh5+ 26.Nh4 Qg5 27.f3 fxg3+ 28.Kxg3 
Be6+ 0-1